[Event "Titled Tuesday Blitz August 31 2021"]
[White "Schmakel, Sam"]
[Black "Kovalev, Vladislav"]
[WhiteFideId "2039311"]
[BlackFideId "13504398"]
[WhiteElo "2356"]
[BlackElo "2573"]
[Result "0-1"]
[Round "09"]
[TimeControl "180+1"]
[Date "2021.08.31"]
[WhiteClock "0:00:10"]
[BlackClock "0:00:16"]

1. d4 Nf6 2. c4 g6 3. Nc3 Bg7 4. e4 d6 5. Nf3 O-O 6. Be2 e5 7. O-O Na6 8. Be3 Ng4 9. Bg5 Qe8 10. dxe5 Nxe5 11. Nxe5 dxe5 12. Qb3 c6 13. Qa3 f6 14. Be3 Be6 15. b4 Qf7 16. b5 Nc7 17. bxc6 bxc6 18. Qa4 Rfc8 19. Rab1 Ne8 20. Rfd1 Bf8 21. c5 Ng7 22. Ba6 Rc7 23. Rd2 f5 24. f3 Nh5 25. Rdb2 Nf6 26. Rb7 Rac8 27. Qa5 fxe4 28. Nxe4 Nxe4 29. fxe4 Bxa2 30. Rf1 Rxb7 31. Rxf7 Rxf7 32. Qxa2 Rd8 33. Bc4 Rd1+ 0-1


[Site "https://www.chess.com"]

[Event "Titled Tuesday Blitz August 31 2021"]
[White "Shahade, Gregory"]
[Black "Bortnyk, Olexandr"]
[WhiteFideId "2009064"]
[BlackFideId "14120828"]
[WhiteElo "2667"]
[BlackElo "2723"]
[Result "0-1"]
[Round "09"]
[TimeControl "180+1"]
[Date "2021.08.31"]
[WhiteClock "0:02:16"]
[BlackClock "0:02:52"]

1. e4 Nf6 2. e5 Nd5 3. d4 d6 4. Nf3 dxe5 5. Nxe5 c6 6. Be2 Bf5 7. O-O Nd7 8. Nf3 e6 9. Re1 Bd6 10. c3 O-O 11. Na3 Bxa3 12. bxa3 Nxc3 13. Qb3 Nxe2+ 14. Rxe2 Nb6 15. Bg5 Qd5 16. Qb4 Bg4 17. Re3 Bxf3 18. Rxf3 Qxg5 0-1


[Site "https://www.chess.com"]

[Event "Titled Tuesday Blitz August 31 2021"]
[White "Shimelkov, Vasiliy"]
[Black "Ovchinnikov, Vsevolod"]
[WhiteFideId "13701630"]
[BlackFideId "24176842"]
[WhiteElo "2073"]
[BlackElo "2376"]
[Result "1-0"]
[Round "09"]
[TimeControl "180+1"]
[Date "2021.08.31"]
[WhiteClock "0:00:27"]
[BlackClock "0:00:02"]

1. d4 Nf6 2. Nf3 g6 3. c4 Bg7 4. Nc3 d5 5. cxd5 Nxd5 6. e3 O-O 7. Bc4 Nb6 8. Bb3 N8d7 9. O-O c5 10. h3 cxd4 11. exd4 Nf6 12. Bg5 Bd7 13. Re1 h6 14. Bh4 g5 15. Bg3 Rc8 16. Rc1 Bf5 17. Ne5 e6 18. Qd2 a6 19. Red1 Ne4 20. Nxe4 Bxe4 21. Qe3 Bd5 22. Rc5 Qe7 23. Bxd5 Nxd5 24. Qb3 Rxc5 25. dxc5 Rc8 26. Nd3 Qd7 27. Qc2 b6 28. b4 a5 29. a3 axb4 30. axb4 Qb5 31. Rb1 Nc3 32. Rb3 Nd5 33. Bd6 Qd7 34. Qe2 Qa4 35. Qc2 Bf6 36. h4 gxh4 37. Nf4 Qa1+ 38. Rb1 Qc3 39. Qe2 bxc5 40. Nxd5 exd5 41. Qg4+ Kh7 42. Qxc8 Qd3 43. Rf1 cxb4 44. Bxb4 d4 45. Qd7 Kg6 46. Qd5 Qe2 47. Qf3 1-0


[Site "https://www.chess.com"]

[Event "Titled Tuesday Blitz August 31 2021"]
[White "Shishkov, Andrei"]
[Black "Vlassov, Nikolai"]
[WhiteFideId "4500563"]
[BlackFideId "4103360"]
[WhiteElo "2322"]
[BlackElo "2407"]
[Result "1-0"]
[Round "09"]
[TimeControl "180+1"]
[Date "2021.08.31"]
[WhiteClock "0:00:05"]
[BlackClock "0:00:05"]

1. d4 Nf6 2. c4 Nc6 3. Nf3 e6 4. Nc3 Bb4 5. Qc2 d6 6. Bd2 e5 7. a3 Bxc3 8. Bxc3 Qe7 9. dxe5 dxe5 10. e3 Bg4 11. Be2 a5 12. O-O O-O 13. h3 Bh5 14. Rfd1 Bg6 15. Qb3 Ra7 16. Qb5 Re8 17. Nh4 Be4 18. f3 Nh5 19. Be1 Bg6 20. Nxg6 hxg6 21. Bd3 f5 22. Be2 f4 23. Bf2 Ra6 24. Qd5+ Kh7 25. e4 Nd8 26. c5 Rf6 27. Qd7 Qxd7 28. Rxd7 Rf7 29. Rad1 Nf6 30. Rxd8 Rxd8 31. Rxd8 g5 32. Bc4 Re7 33. b4 axb4 34. axb4 Kg6 35. b5 c6 36. b6 Nd7 37. Rc8 Kf6 38. Rc7 Nf8 39. Rxe7 Kxe7 40. Be1 Nd7 41. Bb4 Kd8 42. Kf2 Ke7 43. g3 Kf6 44. gxf4 gxf4 45. Bb3 g5 46. Ke2 Kg6 47. Kd3 Kh5 48. Kc4 Kh4 49. Bc3 Kxh3 50. Kb4 g4 51. Be6 Nf6 52. Bxg4+ Kg3 53. Bf5 Kxf3 54. Bxe5 Nxe4 55. Bc8 Nf2 56. Bxb7 Nd3+ 57. Kc3 Nxe5 58. Kd4 Nd7 59. Bxc6+ Ke2 60. Bxd7 f3 61. Bg4 Kd2 62. Bxf3 1-0


[Site "https://www.chess.com"]

[Event "Titled Tuesday Blitz August 31 2021"]
[White "Shkapenko, Pavel"]
[Black "Real De Azua, Ernesto"]
[WhiteFideId "4151933"]
[BlackFideId "108154"]
[WhiteElo "2386"]
[BlackElo "2476"]
[Result "1-0"]
[Round "09"]
[TimeControl "180+1"]
[Date "2021.08.31"]
[WhiteClock "0:00:14"]
[BlackClock "0:00:05"]

1. e4 c6 2. d4 d5 3. e5 Bf5 4. h4 Qc8 5. c4 e6 6. Nc3 h6 7. Nge2 Ne7 8. Ng3 Bh7 9. Bd3 Bxd3 10. Qxd3 Nd7 11. O-O dxc4 12. Qxc4 Nd5 13. Qe2 Be7 14. Qg4 g6 15. Nge4 Qc7 16. Qf3 Rd8 17. Bd2 N7b6 18. Rac1 Bxh4 19. Nb5 Qe7 20. Nbd6+ Kf8 21. Qg4 h5 22. Qh3 f5 23. Nc5 Nc8 24. Nxc8 Rxc8 25. g3 b6 26. gxh4 bxc5 27. Rxc5 Kf7 28. Rfc1 Qd7 29. Qg3 Ne7 30. Qg5 Ng8 31. Be3 Rh7 32. R1c3 Rg7 33. Ra3 Ke8 34. Rca5 Qe7 35. Qxe7+ Nxe7 36. Rxa7 Kf8 37. Bh6 Re8 38. Rd7 Kg8 39. Bxg7 Kxg7 40. Raa7 Kf7 41. Rac7 Kf8 42. a4 Nd5 43. Rb7 f4 44. a5 Ne7 45. a6 1-0


[Site "https://www.chess.com"]

[Event "Titled Tuesday Blitz August 31 2021"]
[White "Shubenkova, Veronika"]
[Black "Weetik, Vjacheslav"]
[WhiteFideId "44124040"]
[BlackFideId "4153472"]
[WhiteElo "1882"]
[BlackElo "2469"]
[Result "0-1"]
[Round "09"]
[TimeControl "180+1"]
[Date "2021.08.31"]
[WhiteClock "0:00:04"]
[BlackClock "0:00:04"]

1. e4 c6 2. d4 d5 3. exd5 cxd5 4. Nf3 Nc6 5. c3 Bg4 6. Be2 e6 7. O-O Bd6 8. Nbd2 Nf6 9. Re1 Qc7 10. b3 Ne4 11. Bb2 Nxd2 12. Qxd2 Bxf3 13. Bxf3 Bxh2+ 14. Kf1 Bf4 15. Qd3 O-O 16. g3 Bd6 17. Kg2 Rfe8 18. Rh1 h6 19. Rh5 Rad8 20. Rah1 Bf8 21. Bc1 e5 22. Qd1 Re6 23. dxe5 Rxe5 24. Bf4 g6 25. Bxe5 Nxe5 26. R5h4 Qxc3 27. Bxd5 h5 28. Rd4 Kg7 29. Re1 Bc5 30. Rf4 Rd7 31. b4 Bb6 32. a4 Ng4 33. Rf3 Qxb4 34. Qa1+ Bd4 35. Qa2 Qxe1 36. Bxf7 Nxf2 37. g4 Qh1+ 38. Kg3 Be5+ 39. Kxf2 Qh2+ 40. Ke3 Qg1+ 41. Rf2 Bd4+ 42. Ke4 Qxf2 0-1


[Site "https://www.chess.com"]

[Event "Titled Tuesday Blitz August 31 2021"]
[White "Shuvalov, Evgenij"]
[Black "Pandey Srishti"]
[WhiteFideId "4187237"]
[BlackFideId "35093290"]
[WhiteElo "2163"]
[BlackElo "1816"]
[Result "1-0"]
[Round "09"]
[TimeControl "180+1"]
[Date "2021.08.31"]
[WhiteClock "0:00:12"]
[BlackClock "0:00:13"]

1. Nf3 Nf6 2. c4 c6 3. g3 d5 4. Bg2 Bf5 5. cxd5 cxd5 6. Qb3 Qb6 7. Qxb6 axb6 8. Nc3 e6 9. d3 h6 10. Nb5 Na6 11. O-O Bc5 12. a3 O-O 13. Bf4 Rfc8 14. b4 Be7 15. Rfc1 Nd7 16. Bd6 Bf6 17. Rab1 Rc6 18. Bf4 Rac8 19. Nd6 Rxc1+ 20. Rxc1 Rxc1+ 21. Bxc1 Kf8 22. Nxf5 exf5 23. d4 Nc7 24. a4 b5 25. a5 Ke7 26. e3 Na6 27. Bd2 Kd6 28. Ne1 Ndb8 29. Nc2 Nc6 30. Bf1 Nc7 31. Na3 Na6 32. Nxb5+ Kd7 33. Bd3 g6 34. Kf1 Naxb4 35. Bb1 Na6 36. Ke2 Bd8 37. Ba2 Nab4 38. Bb3 Bxa5 39. Nc3 Kd6 40. Nb5+ Ke6 41. Nc3 Ne7 42. Na4 Nec6 43. Nc5+ Ke7 44. Nxb7 Bb6 45. Nc5 Kd6 46. Na4 Bd8 47. Nc3 Bf6 48. h4 g5 49. Nb5+ Kd7 50. h5 Be7 51. Bc2 Ke6 52. Bb1 Na6 53. Nc3 Nc7 54. Ba2 Nb4 55. Bb3 Nc6 56. f3 Bd6 57. Kd3 Bxg3 58. Nxd5 Nxd5 59. e4 fxe4+ 60. fxe4 Kd6 61. Bxd5 Nd8 62. Bc4 f6 63. Bb4+ Kd7 64. Bf8 Ne6 65. Bxe6+ Kxe6 66. Bxh6 Bf2 67. Bg7 Kf7 68. h6 Kg6 69. Kc4 Be3 70. d5 Bf4 71. Kc5 g4 72. d6 Bxd6+ 73. Kxd6 g3 74. Bxf6 Kxf6 75. e5+ Kf5 76. h7 g2 77. h8=Q g1=Q 78. Qf6+ Ke4 79. e6 Qb6+ 80. Kd7 Qb7+ 81. Ke8 Qc8+ 82. Kf7 Qc7+ 83. e7 Qc8 84. Qe6+ Qxe6+ 85. Kxe6 Kd4 86. e8=Q 1-0


[Site "https://www.chess.com"]

[Event "Titled Tuesday Blitz August 31 2021"]
[White "Skaric, Djuro"]
[Black "Gelman, Alexander"]
[WhiteFideId "934569"]
[BlackFideId "4118316"]
[WhiteElo "2239"]
[BlackElo "2375"]
[Result "0-1"]
[Round "09"]
[TimeControl "180+1"]
[Date "2021.08.31"]
[WhiteClock "0:00:09"]
[BlackClock "0:00:14"]

1. e4 c5 2. Nc3 e6 3. g3 Nc6 4. Bg2 Nf6 5. d3 d6 6. f4 Be7 7. Nge2 O-O 8. O-O Rb8 9. h3 Bd7 10. g4 h6 11. Ng3 b5 12. Nce2 b4 13. g5 hxg5 14. fxg5 Nh7 15. h4 Ne5 16. Nf4 Qe8 17. Bh3 a5 18. b3 a4 19. Bb2 a3 20. Bxe5 dxe5 21. Nfh5 f6 22. gxf6 Nxf6 23. Nxf6+ Rxf6 24. Rxf6 Bxf6 25. Qg4 Qe7 26. Nh5 Bxh4 27. Kh1 Rf8 28. Nxg7 Rf4 29. Qh5 Qxg7 30. Rg1 Bg3 31. Qe2 Rf2 32. Qxf2 Bxf2 33. Rxg7+ Kxg7 34. Kg2 Bd4 35. Kf3 Kf6 36. Bg4 Be8 37. Ke2 Bf7 38. Kf3 Kg5 39. Bh3 Bc3 40. Bg4 Be1 41. Bh3 Bh5+ 42. Ke3 Bg4 43. Bxg4 Kxg4 44. Ke2 Bg3 45. Kd1 Kf3 46. Kc1 Ke3 47. Kb1 Kd2 48. d4 exd4 49. e5 Bxe5 50. Ka1 d3+ 51. Kb1 dxc2# 0-1


[Site "https://www.chess.com"]

[Event "Titled Tuesday Blitz August 31 2021"]
[White "Skatchkov, Valery"]
[Black "Mekhitarian, Krikor Sevag"]
[WhiteFideId "24195812"]
[BlackFideId "2107660"]
[WhiteElo "2199"]
[BlackElo "2598"]
[Result "0-1"]
[Round "09"]
[TimeControl "180+1"]
[Date "2021.08.31"]
[WhiteClock "0:00:04"]
[BlackClock "0:00:04"]

1. d4 Nf6 2. c4 e6 3. Nf3 b6 4. g3 Bb7 5. Bg2 Bb4+ 6. Bd2 c5 7. Bxb4 cxb4 8. O-O O-O 9. Qd3 a5 10. Nbd2 d6 11. e4 Nc6 12. d5 Ne5 13. Nxe5 dxe5 14. f4 Qc7 15. fxe5 Qc5+ 16. Kh1 Ng4 17. Qe2 Nxe5 18. Rac1 a4 19. Qh5 Nd3 20. Nf3 Nxc1 21. Ng5 h6 22. Nxf7 Qe3 23. Rf3 Qd2 24. Rf4 Qd4 25. e5 Qd3 26. Be4 Qxe4+ 27. Rxe4 Rxf7 28. Rg4 exd5 29. Kg2 dxc4+ 30. Kh3 Re8 31. Rxc4 Nd3 32. Rc7 Nxe5 33. Rxb7 g6 34. Qxh6 Rxb7 35. Qg5 Rf7 36. Kg2 b3 37. axb3 axb3 38. Qe3 Rfe7 39. Qxb3+ Kg7 40. Qxb6 Nf7 41. Qd4+ Kg8 42. b4 Re2+ 43. Kh3 R2e4 44. Qd5 R8e6 45. Qa8+ Kg7 46. b5 Ng5+ 47. Kg2 Re2+ 0-1


[Site "https://www.chess.com"]

[Event "Titled Tuesday Blitz August 31 2021"]
[White "Solon, Nathan"]
[Black "Bazarov, Konstantin"]
[WhiteFideId "2017229"]
[BlackFideId "4137000"]
[WhiteElo "2655"]
[BlackElo "2122"]
[Result "1-0"]
[Round "09"]
[TimeControl "180+1"]
[Date "2021.08.31"]
[WhiteClock "0:00:20"]
[BlackClock "0:00:10"]

1. d4 Nf6 2. c4 d6 3. Nf3 c6 4. g3 Nbd7 5. Nc3 e5 6. e4 Be7 7. Bg2 O-O 8. O-O Re8 9. h3 Bf8 10. Re1 a6 11. Be3 b5 12. cxb5 cxb5 13. a3 exd4 14. Nxd4 Bb7 15. Nf5 Nc5 16. Bxc5 dxc5 17. e5 Qxd1 18. Raxd1 Bxg2 19. Kxg2 Nh5 20. Nd5 g6 21. Nd6 Bxd6 22. exd6 Rxe1 23. Rxe1 Rd8 24. g4 Rxd6 25. Ne7+ Kf8 26. gxh5 Rd2 27. b4 c4 28. hxg6 hxg6 29. Nc6 c3 30. Rc1 c2 31. Ne5 Ke7 32. Nf3 Rd3 33. Rxc2 Rxa3 34. Nd4 Kd6 35. Rd2 Ke5 36. Nc6+ Ke6 37. Na5 Ra1 38. Rc2 Rb1 39. Nc6 Kd6 40. Rc3 Kd5 41. Kf3 Rh1 42. Kf4 Re1 43. Kg5 Re6 44. Na5 Kd4 45. Rf3 f5 46. h4 Re4 47. Rf4 Rxf4 48. Kxf4 Kc3 49. Nc6 Kc4 50. Kg5 Kd5 51. Na5 Ke4 52. Kxg6 f4 53. h5 Kf3 54. h6 Kxf2 55. h7 f3 56. h8=Q Ke2 57. Qe5+ Kd3 58. Qf4 Ke2 59. Qe4+ Kf2 60. Nb3 Kg2 61. Nd4 Kg3 62. Qxf3+ Kh4 63. Kf5 a5 64. Qg4# 1-0


[Site "https://www.chess.com"]

[Event "Titled Tuesday Blitz August 31 2021"]
[White "Srihari L R"]
[Black "Martin Carmona, Gaston Manuel"]
[WhiteFideId "46617116"]
[BlackFideId "22284567"]
[WhiteElo "2121"]
[BlackElo "2161"]
[Result "1-0"]
[Round "09"]
[TimeControl "180+1"]
[Date "2021.08.31"]
[WhiteClock "0:01:55"]
[BlackClock "0:01:30"]

1. Nf3 Nf6 2. g3 g6 3. Bg2 Bg7 4. O-O O-O 5. d3 d6 6. Nbd2 c5 7. e4 Nc6 8. Re1 Rb8 9. c3 Bd7 10. h3 b5 11. a3 a5 12. d4 cxd4 13. cxd4 e6 14. Nf1 d5 15. e5 Ne4 16. N1d2 Nxd2 17. Bxd2 b4 18. a4 Qb6 19. Be3 Bc8 20. b3 Ba6 21. Rc1 Rfc8 22. Qd2 Ne7 23. Bg5 Qa7 24. Bf6 Bxf6 25. exf6 Nf5 26. g4 Nd6 27. Ne5 Rxc1 28. Rxc1 Rc8 29. Rxc8+ Bxc8 30. Qh6 Ne8 31. Nc6 1-0


[Site "https://www.chess.com"]

[Event "Titled Tuesday Blitz August 31 2021"]
[White "Starozhilov, Leonid"]
[Black "Alavkin, Arseny"]
[WhiteFideId "14106752"]
[BlackFideId "4120612"]
[WhiteElo "2414"]
[BlackElo "2391"]
[Result "1/2-1/2"]
[Round "09"]
[TimeControl "180+1"]
[Date "2021.08.31"]
[WhiteClock "0:00:42"]
[BlackClock "0:00:50"]

1. b3 e5 2. Bb2 Nc6 3. e3 Nf6 4. Bb5 Bd6 5. Ne2 O-O 6. Bxc6 dxc6 7. Nbc3 Re8 8. Ng3 e4 9. f3 exf3 10. Qxf3 Bg4 11. Qf2 Bd7 12. O-O-O Qe7 13. Nf5 Bxf5 14. Qxf5 Ba3 15. g4 a5 16. Rhf1 a4 17. g5 Nd5 18. Nxd5 cxd5 19. Qxd5 Bxb2+ 20. Kxb2 axb3 21. axb3 Red8 22. Qc4 Qa3+ 23. Kc3 Qa5+ 24. Kb2 Qa3+ 25. Kc3 Qa5+ 26. Kb2 Qa2+ 27. Kc3 Qa5+ 1/2-1/2


[Site "https://www.chess.com"]

[Event "Titled Tuesday Blitz August 31 2021"]
[White "Tanenbaum, Zachary"]
[Black "Brunello, Marina"]
[WhiteFideId "2060850"]
[BlackFideId "822590"]
[WhiteElo "2165"]
[BlackElo "2328"]
[Result "0-1"]
[Round "09"]
[TimeControl "180+1"]
[Date "2021.08.31"]
[WhiteClock "0:00:12"]
[BlackClock "0:00:55"]

1. e4 c5 2. Nf3 d6 3. d4 cxd4 4. Nxd4 Nf6 5. Nc3 a6 6. Be3 e5 7. Nb3 Be7 8. h3 Nc6 9. f4 b5 10. Qf3 Bb7 11. O-O-O Qc7 12. Kb1 Rc8 13. g4 exf4 14. Bxf4 Ne5 15. Bxe5 dxe5 16. g5 Nxe4 17. Rh2 Nd2+ 18. Nxd2 Bxf3 19. Nxf3 e4 20. Nxe4 O-O 21. Bd3 Rfd8 22. h4 a5 23. h5 a4 24. g6 fxg6 25. hxg6 h6 26. Re2 a3 27. b3 Rf8 28. Nd4 Qe5 29. c3 b4 30. cxb4 Qxd4 31. Bc4+ Rxc4 32. Rxd4 Rxd4 33. Kc2 Bxb4 34. Ng3 Rc8+ 35. Kb1 Rd1# 0-1


[Site "https://www.chess.com"]

[Event "Titled Tuesday Blitz August 31 2021"]
[White "Tarigan, Gilbert Elroy"]
[Black "Droin, Augustin"]
[WhiteFideId "7108133"]
[BlackFideId "45105987"]
[WhiteElo "1908"]
[BlackElo "2466"]
[Result "1-0"]
[Round "09"]
[TimeControl "180+1"]
[Date "2021.08.31"]
[WhiteClock "0:00:04"]
[BlackClock "0:00:02"]

1. e4 c5 2. Nf3 Nc6 3. d4 cxd4 4. Nxd4 Nf6 5. Nc3 e5 6. Ndb5 d6 7. Bg5 a6 8. Na3 b5 9. Nd5 Be7 10. Bxf6 Bxf6 11. c3 Bg5 12. Nc2 O-O 13. a4 bxa4 14. Rxa4 a5 15. Bd3 Rb8 16. Ra2 Be6 17. O-O Kh8 18. Bc4 f5 19. exf5 Bxf5 20. Nce3 Be6 21. b3 Qd7 22. Qd3 Rbe8 23. Qe4 Bxe3 24. Nxe3 Ne7 25. Rxa5 Bxc4 26. Qxc4 Rf4 27. Qb5 Qc8 28. c4 Ref8 29. Ra6 Nf5 30. Nxf5 Qxf5 31. f3 Qd3 32. Qd5 Qe3+ 33. Kh1 Qe2 34. Kg1 Rd4 35. Ra8 Qe3+ 36. Kh1 Qf4 37. Rxf8+ Qxf8 38. Qc6 h6 39. h3 e4 40. b4 e3 41. Re1 Qf4 42. Qe8+ Kh7 43. Qxe3 Qf6 44. Qc3 g6 45. c5 dxc5 46. bxc5 Kg7 47. Re7+ Kf8 48. Re1 Qf4 49. c6 Rd8 50. Qc5+ Kf7 51. c7 Kg8 52. cxd8=Q+ 1-0


[Site "https://www.chess.com"]

[Event "Titled Tuesday Blitz August 31 2021"]
[White "Terry, Renato"]
[Black "Samsonkin, Artiom"]
[WhiteFideId "3803457"]
[BlackFideId "13503111"]
[WhiteElo "2581"]
[BlackElo "2513"]
[Result "1-0"]
[Round "09"]
[TimeControl "180+1"]
[Date "2021.08.31"]
[WhiteClock "0:00:04"]
[BlackClock "0:00:06"]

1. d4 Nf6 2. Bg5 e6 3. e4 h6 4. Bxf6 Qxf6 5. c3 d6 6. Bd3 e5 7. Ne2 g6 8. O-O Bg7 9. f4 exd4 10. cxd4 O-O 11. Nbc3 Bg4 12. e5 dxe5 13. fxe5 Qg5 14. Kh1 Nc6 15. Qb3 Rad8 16. Bc4 Kh7 17. Bxf7 Nxd4 18. Nxd4 Rxd4 19. e6 Rf4 20. Rfe1 Bh3 21. Re2 Bg4 22. Ree1 Bh3 23. Qd5 Rf5 24. Qxb7 Rf2 25. Rg1 Bxg2+ 26. Rxg2 Qf4 27. Rxf2 Qxf2 28. Qg2 Qe3 29. Rg1 g5 30. Qe4+ Qxe4+ 31. Nxe4 Bd4 32. Rd1 c5 33. b4 Kg7 34. bxc5 Be5 35. c6 Rc8 36. Rd7 Rxc6 37. Kg2 Rc2+ 38. Kf3 Rxa2 39. Rd8 Ra3+ 40. Ke2 h5 41. Rg8+ Kh7 42. e7 Bd4 43. e8=Q Re3+ 44. Kd2 1-0


[Site "https://www.chess.com"]

[Event "Titled Tuesday Blitz August 31 2021"]
[White "Timofeev, Artyom"]
[Black "Gutenev, Alexander"]
[WhiteFideId "4140419"]
[BlackFideId "4195540"]
[WhiteElo "2582"]
[BlackElo "2432"]
[Result "1-0"]
[Round "09"]
[TimeControl "180+1"]
[Date "2021.08.31"]
[WhiteClock "0:00:19"]
[BlackClock "0:00:12"]

1. c4 Nf6 2. b3 b6 3. Bb2 Bb7 4. d3 c5 5. Bxf6 exf6 6. e3 d5 7. Nf3 g6 8. Nc3 dxc4 9. dxc4 Nd7 10. Be2 Bg7 11. Qc2 O-O 12. Rd1 f5 13. O-O Qe7 14. Nd5 Bxd5 15. Rxd5 Nf6 16. Rd3 Rfd8 17. Rfd1 Rxd3 18. Qxd3 Re8 19. Qd6 Qxd6 20. Rxd6 Kf8 21. Nd2 Ke7 22. Rd3 Ne4 23. Bf3 Nxd2 24. Rxd2 Rd8 25. Bd5 Be5 26. g3 h6 27. Kg2 Bc3 28. Rd1 Kf6 29. h4 g5 30. hxg5+ hxg5 31. Kf3 g4+ 32. Ke2 Ke7 33. Rb1 a5 34. Rc1 Bb2 35. Rf1 Rh8 36. Kd3 Be5 37. Re1 Rh2 38. Re2 Kf6 39. f4 Rh3 40. fxe5+ Kxe5 41. Rg2 f6 42. Ke2 Rh1 43. Bb7 Ra1 44. Kd3 Rd1+ 45. Kc2 Re1 46. Kd2 Ra1 47. a4 Rb1 48. Kc2 Re1 49. Kd3 Rb1 50. Kc3 Re1 51. Bc8 Rxe3+ 52. Kc2 Rf3 53. Kb2 Kd4 54. Re2 Rxg3 55. Bxf5 Rg1 56. Re4+ 1-0


[Site "https://www.chess.com"]

[Event "Titled Tuesday Blitz August 31 2021"]
[White "Tokman, Ariel"]
[Black "Stribuk, Artiom"]
[WhiteFideId "117420"]
[BlackFideId "13515659"]
[WhiteElo "2345"]
[BlackElo "2224"]
[Result "0-1"]
[Round "09"]
[TimeControl "180+1"]
[Date "2021.08.31"]
[WhiteClock "0:00:01"]
[BlackClock "0:00:08"]

1. c4 Nf6 2. Nf3 c5 3. b3 g6 4. Bb2 Bg7 5. e3 Nc6 6. Be2 O-O 7. O-O d6 8. d3 e5 9. Nbd2 h6 10. a3 a5 11. Qc2 Re8 12. Rfd1 Be6 13. Ne4 Nh7 14. Nc3 f5 15. Nd5 Nf6 16. b4 cxb4 17. axb4 Nxd5 18. cxd5 Bxd5 19. bxa5 Rxa5 20. d4 e4 21. Nd2 Kh7 22. Nc4 Rxa1 23. Rxa1 f4 24. exf4 Nxd4 25. Bxd4 Bxd4 26. Rd1 Qf6 27. Nxd6 Bxf2+ 28. Kxf2 Qxf4+ 29. Kg1 Qxd6 30. Kh1 Qe5 31. Bb5 Re7 32. Qc5 Bf7 33. Qb4 e3 34. Be2 h5 35. h3 Kg7 36. Rb1 Bd5 37. Kg1 Bc6 38. Rf1 Rf7 39. Qb1 Rxf1+ 40. Qxf1 Qf6 41. Qd1 Qf2+ 0-1


[Site "https://www.chess.com"]

[Event "Titled Tuesday Blitz August 31 2021"]
[White "Tomiello, Mateus Costamilan"]
[Black "Cunha, Lucas Aguiar"]
[WhiteFideId "22701958"]
[BlackFideId "2125404"]
[WhiteElo "1975"]
[BlackElo "2361"]
[Result "1-0"]
[Round "09"]
[TimeControl "180+1"]
[Date "2021.08.31"]
[WhiteClock "0:00:05"]
[BlackClock "0:00:02"]

1. e4 c5 2. Nf3 e6 3. d4 cxd4 4. Nxd4 Nc6 5. Nc3 Qc7 6. Be3 a6 7. Qd2 Nf6 8. f3 Be7 9. g4 b5 10. O-O-O O-O 11. Kb1 Rd8 12. g5 Nh5 13. Bh3 Ne5 14. Bg4 Nc4 15. Qf2 Nxe3 16. Qxe3 Nf4 17. h4 b4 18. Nce2 Nxe2 19. Nxe2 Bb7 20. h5 Bc5 21. Qf4 e5 22. Qc1 d5 23. g6 a5 24. h6 fxg6 25. Be6+ Kh8 26. hxg7+ Qxg7 27. exd5 Bc8 28. Bxc8 Raxc8 29. Ng3 a4 30. Ne4 Be7 31. d6 Bf8 32. Ng5 h5 33. Ne6 Qf6 34. Nxd8 Rxd8 35. d7 a3 36. Qe3 Bg7 37. Qe4 axb2 38. Rhg1 Kh7 39. Rd5 h4 40. Rh1 Kg8 41. Rxh4 Qf5 42. Rg4 Kf7 43. Qxf5+ gxf5 44. Rxb4 Ke6 45. Rd1 Ke7 46. Rb7 Bf6 47. Kxb2 e4+ 48. Kb3 exf3 49. Re1+ Kf7 50. Rf1 Kg6 51. Rxf3 Kg5 52. a4 Kg4 53. Rf1 f4 54. Rb4 Bg5 55. Rd4 Kf5 56. a5 Ke5 57. Rd3 Ke4 58. Kc4 Bf6 59. Kb5 Bd4 60. a6 Rxd7 61. Re1+ 1-0


[Site "https://www.chess.com"]

[Event "Titled Tuesday Blitz August 31 2021"]
[White "Urazayev, Arystanbek"]
[Black "Wachinger, Guenther"]
[WhiteFideId "13709810"]
[BlackFideId "4604261"]
[WhiteElo "2321"]
[BlackElo "2212"]
[Result "1-0"]
[Round "09"]
[TimeControl "180+1"]
[Date "2021.08.31"]
[WhiteClock "0:01:51"]
[BlackClock "0:00:03"]

1. e4 c5 2. Nf3 d6 3. d4 cxd4 4. Nxd4 Nf6 5. Nc3 g6 6. f3 Bg7 7. Be3 O-O 8. Qd2 Nc6 9. O-O-O d5 10. Qe1 e5 11. Nxc6 bxc6 12. exd5 Nxd5 13. Bc4 Be6 14. Ne4 Qc7 15. Bc5 Rfd8 16. Qh4 Nf4 17. Ng5 h6 18. Nxe6 Nxe6 19. Bxe6 fxe6 20. Be7 Rd5 21. Ba3 Rad8 22. Qe7 Qxe7 23. Bxe7 R8d7 24. Ba3 h5 25. Rde1 Rd2 26. Rhg1 Rf2 27. Bc5 Rfd2 28. Be3 R2d5 29. c4 Rd3 30. Kc2 Kf7 31. Rd1 Rxd1 32. Rxd1 Rxd1 33. Kxd1 a6 34. Kc2 Ke8 35. b3 Kd7 36. Kd3 Bf6 37. Ke4 Kd6 38. Ba7 Kc7 39. Bc5 Kd7 40. g4 h4 41. h3 g5 42. b4 Bd8 43. Be3 Be7 44. a3 Bf6 45. Bd2 c5 46. b5 axb5 47. cxb5 Kc7 48. a4 Kb6 49. Bc3 Bg7 50. Bxe5 Bxe5 51. Kxe5 Ka5 52. Ke4 Kxa4 53. b6 c4 54. b7 c3 55. Kd3 Kb3 56. b8=Q+ Ka4 57. Kc2 1-0


[Site "https://www.chess.com"]

[Event "Titled Tuesday Blitz August 31 2021"]
[White "Vasli, Aref"]
[Black "Maly, Alexey"]
[WhiteFideId "417521"]
[BlackFideId "14103184"]
[WhiteElo "2521"]
[BlackElo "2706"]
[Result "0-1"]
[Round "09"]
[TimeControl "180+1"]
[Date "2021.08.31"]
[WhiteClock "0:01:14"]
[BlackClock "0:00:42"]

1. e4 c6 2. d3 d5 3. Nf3 g6 4. Nbd2 Bg7 5. g3 e5 6. Bg2 Ne7 7. O-O O-O 8. Re1 Nd7 9. c3 b6 10. a4 a5 11. Nf1 Ba6 12. Ne3 dxe4 13. dxe4 Nc5 14. Ng4 Qc7 15. Bg5 Rad8 16. Qb1 Bd3 17. Qa2 Nxe4 18. Rxe4 Bxe4 19. Nf6+ Bxf6 20. Bxf6 Bxf3 21. Bxf3 Qd6 22. Bxe7 Qxe7 23. Bxc6 Qc5 24. Bf3 Rd2 25. Rf1 Qxc3 26. bxc3 Rxa2 27. Bd5 Rxa4 28. Rb1 Rb8 29. Kg2 Kg7 30. c4 Rb4 31. Re1 Kf6 32. Re3 Rf8 33. h4 a4 34. Ra3 Ke7 0-1


[Site "https://www.chess.com"]

[Event "Titled Tuesday Blitz August 31 2021"]
[White "Viani Antonio Dcunha"]
[Black "Lomaia, Diana"]
[WhiteFideId "5027330"]
[BlackFideId "13612476"]
[WhiteElo "2366"]
[BlackElo "1742"]
[Result "1-0"]
[Round "09"]
[TimeControl "180+1"]
[Date "2021.08.31"]
[WhiteClock "0:00:19"]
[BlackClock "0:00:02"]

1. d4 Nf6 2. c4 g6 3. Nc3 Bg7 4. e4 d6 5. Nf3 O-O 6. Be2 e5 7. O-O Nc6 8. d5 Ne7 9. b4 Nd7 10. Nd2 f5 11. Bf3 f4 12. Bg4 Nf6 13. Be6+ Bxe6 14. dxe6 c6 15. Nf3 h6 16. Bb2 g5 17. c5 dxc5 18. bxc5 Ng6 19. Qd6 Ne8 20. e7 Qxe7 21. Qxg6 Rf6 22. Qh5 Qxc5 23. h4 Rd6 24. Rad1 Nf6 25. Qg6 Rxd1 26. Nxd1 g4 27. Nxe5 g3 28. Nd7 gxf2+ 29. Nxf2 Qe7 30. Nxf6+ Kf8 31. N2g4 Rd8 32. Nxh6 Bxh6 33. Qg8# 1-0


[Site "https://www.chess.com"]

[Event "Titled Tuesday Blitz August 31 2021"]
[White "Wong, Yinn Long"]
[Black "Grachev, Boris"]
[WhiteFideId "5707684"]
[BlackFideId "4129199"]
[WhiteElo "2016"]
[BlackElo "2580"]
[Result "1/2-1/2"]
[Round "09"]
[TimeControl "180+1"]
[Date "2021.08.31"]
[WhiteClock "0:01:25"]
[BlackClock "0:00:42"]

1. e4 c5 2. Nc3 Nc6 3. g3 g6 4. Bg2 Bg7 5. d3 d6 6. Nge2 e6 7. O-O Nge7 8. Bg5 h6 9. Be3 Nd4 10. Qd2 Rb8 11. Rab1 Nec6 12. a3 a5 13. a4 h5 14. h3 O-O 15. Nb5 Nxb5 16. axb5 Nd4 17. c4 Nxe2+ 18. Qxe2 b6 19. Qd2 Bb7 20. d4 cxd4 21. Bxd4 Bxd4 22. Qxd4 e5 23. Qd3 Qc7 24. Rbd1 Rbd8 25. f4 f6 26. Kh2 Kg7 27. Rd2 Qc5 28. Rdf2 h4 29. gxh4 exf4 30. Rxf4 Qe5 31. Kh1 Bc8 32. b3 Be6 33. Qe3 Qc5 34. Qc3 Qe5 35. Qe3 Qc5 36. Qc3 Qe5 37. Qe3 1/2-1/2


[Site "https://www.chess.com"]